 Dungeon Crawl Stone Soup version 0.31-a0-222-gefeffbb62a (webtiles) character file.

Game seed: 1826321841769654849

886 Shard1697 the Cudgeller (level 7, 0/65 HPs)
             Began as an Armataur Fighter on July 5, 2023.
             Was an Initiate of Gozag.
             Succumbed to a water moccasin's poison
             ... on level 5 of the Dungeon.
             The game lasted 00:07:37 (3429 turns).

Shard1697 the Cudgeller (Armataur Fighter)          Turns: 3429, Time: 00:07:38

Health: 0/65       AC: 11    Str: 21    XL:     7   Next: 77%
Magic:  7/7        EV: 10    Int:  8    God:    Gozag
Gold:   429        SH:  4    Dex: 12    Spells: 6/6 levels left

rFire   . . .        a - +6 shillelagh "Devastator" {shatter}
rCold   . . .        c - +0 buckler
rNeg    . . .        m - +0 chain mail
rPois   .            (no helmet)
rElec   .            s - +2 cloak
rCorr   .            (no gloves)
SInv    .            (no barding)
Will    .....        q - amulet of magic regeneration Stlth
                     l - +5 ring of evasion
HPRegen 0.30/turn    (no ring)
MPRegen 0.50/turn

%: roll
@: lethally poisoned (0 -> -2), hasted, very quick
A: large, rugged brown scales 3, deformed body, armoured tail, roll, long
tongue, awkward tongue
a: Renounce Religion, Potion Petition, Call Merchant, Bribe Branch


You were on level 5 of the Dungeon.
You worshipped Gozag.
Gozag was aware of your devotion.
You visited 1 branch of the dungeon, and saw 6 of its levels.

You collected 466 gold pieces.
You paid 37 gold pieces to Gozag.

Inventory:

Hand Weapons
 a - the +6 shillelagh "Devastator" (weapon) {shatter}
   (You found it on level 3 of the Dungeon)
Armour
 c - a +0 buckler (worn)
 m - a +0 chain mail (worn)
 s - a +2 cloak (worn)
Jewellery
 l - a +5 ring of evasion (left hand)
 q - an amulet of magic regeneration (around neck)
Wands
 b - a wand of paralysis (7)
Scrolls
 e - a scroll of identify
 i - a scroll of fear
 j - a scroll of amnesia
 n - 4 scrolls of teleportation
Potions
 d - a potion of might
 h - a potion of enlightenment
 k - 3 potions of magic
 p - a potion of attraction


   Skills:
 + Level 5.1 Fighting
 + Level 7.0 Maces & Flails
 - Level 3.6 Armour
 - Level 3.2 Shields


You had 6 spell levels left.
You didn't know any spells.
Your spell library contained the following spells:

 Spells                   Type           Power      Damage    Failure   Level
 Vhi's Electric Charge    Tloc/Air       0%         N/A       100%        3
 Arcjolt                  Conj/Air       0%         1d10      100%        5
 Haunt                    Necr/Summ      0%         N/A       100%        7
 Infestation              Necr           0%         N/A       100%        8
 Maxwell's Capacitive Co  Air            0%         ∞         100%        8
 Animate Dead             Necr           Unusable   N/A       N/A         4

Dungeon Overview and Level Annotations

Branches:
Dungeon (6/15)
 Temple: D:4-7

Altars:
Ashenzari
Cheibriados
Fedhas
Gozag
Kikubaaqudgha
Trog
Yredelemnul
Zin
The Shining One

Annotations:
D:3 3 runed translucent doors, SirDiesAlot's ghost, weakling OpEn
D:4 2 transporters, Newt's ghost, amateur DsGl
D:5 2 runed translucent doors, Leavold's ghost, weakling TeDe


Innate Abilities, Weirdness & Mutations

You are completely covered in rugged brown scales. (AC +3, +7% HP)
Armour fits poorly on your strangely shaped body.
You have a long armoured tail.
You roll when moving toward enemies. (Rampage)
Your long tongue fully drains potion bottles. (2x potion effects)
Your tongue gives you trouble enunciating. (1.5x scroll delay)


Message History

* * * LOW HITPOINT WARNING * * *
You are lethally poisoned!
The water moccasin poisons you!
You feel yourself speed up.
You slurp down every last drop of the potion of haste!
* * * LOW HITPOINT WARNING * * *
You feel very sick.
The water moccasin bites you but does no damage.
Okay, then.
You sock the water moccasin!
The water moccasin shudders.
You kill the water moccasin!
* * * LOW HITPOINT WARNING * * *
You feel very sick.
Your Fighting skill increases to level 5!
Your Maces & Flails skill increases to level 7!
* * * LOW HITPOINT WARNING * * *
You feel sick.
Things that are here:
12 gold pieces; a +0 dagger; a +0 chain mail
* * * LOW HITPOINT WARNING * * *
You feel sick.
* * * LOW HITPOINT WARNING * * *
You feel sick.
* * * LOW HITPOINT WARNING * * *
You feel sick.
* * * LOW HITPOINT WARNING * * *
You feel sick.
Okay, then.
* * * LOW HITPOINT WARNING * * *
You feel sick.
* * * LOW HITPOINT WARNING * * *
You feel sick.
* * * LOW HITPOINT WARNING * * *
You feel sick.
* * * LOW HITPOINT WARNING * * *
You feel sick.
* * * LOW HITPOINT WARNING * * *
You feel sick.
You die...
Your body crumbles into a pile of gold.

..≈.#.....................).<)...
..#.+......................)[....
)~.W+.....................)..#...
..⌠.#............................
~#..#............................
#~.##........................##.#
### #................#.........##
#.#..............#..........#
#..#...##....@...............#
....#.....#.....##....##.......
.. .............#...$# .....##
.###.....#.#.## ......######
...... ...... ....


There were no monsters in sight!

Vanquished Creatures
  Sigmund (D:4)
  A water moccasin (D:5)
  An orc warrior (D:4)
  2 scorpions (D:4)
  2 orc priests (D:5)
  A sleepcap (D:4)
  Crazy Yiuf (D:3)
  2 iguanas (D:4)
  Natasha (D:3)
  2 orc wizards (D:5)
  A spectral hound (D:3)
  A hound skeleton (D:3)
  A gnoll (D:1)
  4 adders
  2 adder skeletons (D:3)
  2 worms (D:2)
  3 dart slugs
  14 orcs
  9 ball pythons
  2 bats
  4 endoplasms
  2 giant cockroaches (D:4)
  5 goblins
  2 hobgoblins (D:3)
  A quokka (D:4)
  2 ball python skeletons (D:3)
  2 frilled lizards (D:2)
  5 kobolds
  6 rats
82 creatures vanquished.

Notes
Turn   | Place    | Note
-------+----------+-------------------------------------------
     0 | D:1      | Shard1697 the Armataur Fighter began the quest for the Orb.
     0 | D:1      | Reached XP level 1. HP: 19/19 MP: 1/1
   115 | D:1      | Reached skill level 2 in Maces & Flails
   120 | D:1      | Reached XP level 2. HP: 6/26 MP: 2/2
   791 | D:2      | Reached skill level 3 in Maces & Flails
   884 | D:2      | Reached XP level 3. HP: 25/32 MP: 3/3
  1421 | D:3      | Noticed SirDiesAlot's ghost (weakling OpEn)
  1426 | D:3      | Found a runed translucent gate.
  1426 | D:3      | Found a runed translucent gate.
  1427 | D:3      | Found a runed translucent gate.
  1436 | D:3      | Noticed a black bear
  1593 | D:3      | Found an opulent altar of Gozag.
  1593 | D:3      | Found a basalt altar of Yredelemnul.
  1594 | D:3      | Found a broken altar of Ashenzari.
  1601 | D:3      | Became a worshipper of Gozag Ym Sagoz the Greedy
  1606 | D:3      | Found a snail-covered altar of Cheibriados.
  1608 | D:3      | Found a glowing silver altar of Zin.
  1609 | D:3      | Found a blossoming altar of Fedhas.
  1611 | D:3      | Found a bloodstained altar of Trog.
  1615 | D:3      | Found an ancient bone altar of Kikubaaqudgha.
  1616 | D:3      | Found a glowing golden altar of the Shining One.
  1759 | D:3      | Noticed Natasha
  1766 | D:3      | Reached XP level 4. HP: 39/39 MP: 4/4
  1768 | D:3      | Killed Natasha
  1769 | D:3      | Reached skill level 4 in Maces & Flails
  1801 | D:3      | Identified the +8 dagger of Disembowelment {pain, Fragile
                  | Fly rF+++ Dex-3}
  1976 | D:3      | Found a runed translucent door.
  1976 | D:3      | Found the +6 shillelagh "Devastator" {shatter}
  1977 | D:3      | Noticed Crazy Yiuf
  2108 | D:3      | Reached XP level 5. HP: 37/44 MP: 5/5
  2176 | D:3      | Killed Crazy Yiuf
  2177 | D:3      | Reached skill level 5 in Maces & Flails
  2784 | D:4      | Reached XP level 6. HP: 54/54 MP: 6/6
  2808 | D:4      | Noticed Sigmund
  2816 | D:4      | Killed Sigmund
  2817 | D:4      | Reached skill level 6 in Maces & Flails
  2970 | D:4      | Found a transporter.
  2971 | D:4      | Noticed Newt's ghost (amateur DsGl)
  2971 | D:4      | You fall into a shaft and drop 2 floors!
  2975 | D:5      | Entered Level 5 of the Dungeon
  2993 | D:5      | Reached XP level 7. HP: 57/63 MP: 7/7
  3241 | D:4      | Identified the +4 great mace "Qadixuw" {heavy, rC- Str+2
                  | SInv Stlth+}
  3243 | D:4      | Found a transporter.
  3404 | D:5      | Noticed Leavold's ghost (weakling TeDe)
  3404 | D:5      | Found a large runed translucent door.
  3404 | D:5      | Found a large runed translucent door.
  3418 | D:5      | Reached skill level 5 in Fighting
  3418 | D:5      | Reached skill level 7 in Maces & Flails
  3424 | D:5      | HP: 3/65 [poisoned by a water moccasin]
  3427 | D:5      | HP: 1/65 [poisoned by a water moccasin]
  3429 | D:5      | Succumbed to a water moccasin's poison

Illustrated notes

Levels and vault maps discovered:
D:1:      dpeg_arrival_short_road, layout_basic, chequers_serial_rivers_marsh
D:2:      layout_rooms
D:3:      layout_loops_ring, nicolae_overflow_hallway_of_the_gods,
          gammafunk_ghost_split, dilly_guarded_unrand_morg,
          uniq_crazy_yiuf_cottage
D:4:      layout_basic, gammafunk_ghost_smash, fountainhead, uniq_sigmund
D:5:      layout_cave_pools, serial_shops, kennysheep_mini,
          ebering_ghost_disaster_area, minmay_misc_feat_roman
D:6:      minmay_chambers_of_sixes, layout_basic, serial_bayou_pond_e,
          uniq_edmund, uniq_duvessa, uniq_prince_ribbit1

Skill      XL: |  1  2  3  4  5  6  7 |
---------------+----------------------+-----
Maces & Flails | 2 3 4 5 6 7 |  7.0
Fighting       | 3 4 5 |  5.1
Armour         | |  3.6
Shields        | |  3.2

Action                     |  1- 3 |  4- 6 |  7- 9 || total
---------------------------+-------+-------+-------++-------
  Melee: Flail             |   109 |    27 |       ||   136
         Tailslap          |     7 |     5 |     1 ||    13
         Shillelagh        |       |    46 |    22 ||    68
    Use: Scroll            |       |    10 |       ||    10
         Potion            |       |       |     5 ||     5
   Stab: Distracted        |       |     1 |       ||     1
 Armour: Scale mail        |    47 |    27 |       ||    74
         Chain mail        |       |       |     7 ||     7
  Dodge: Dodged            |    35 |    31 |     3 ||    69
  Block: Buckler           |    23 |    12 |     6 ||    41

Table legend: (Time is in decaauts)
 A = Elapsed time spent in this place.
 B = Non-inter-level travel time spent in this place.
 C = Inter-level travel time spent in this place.
 D = Time resting spent in this place.
 E = Time spent auto-exploring this place.
 F = Levels seen in this place.
 G = Mean time per level.
                   A        B        C        D        E       F      G
               +--------+--------+--------+--------+--------+-----+--------+
         Total |   3466 |   3264 |    202 |    222 |   2333 |   6 |  577.7 |
       Dungeon |   3466 |   3264 |    202 |    222 |   2333 |   6 |  577.7 |
               +--------+--------+--------+--------+--------+-----+--------+

Top non-repeatable levels by time:
     D:3: 1217 daAuts
     D:1: 772 daAuts
     D:4: 711 daAuts
     D:2: 581 daAuts
     D:5: 179 daAuts
     D:6: 3 daAuts
